 Dungeon Crawl Stone Soup version 0.26-a0-611-g354ed81502 (webtiles) character file.

Game seed: 1780116010846370810

30 MrRokkomies the Sneak (level 3, -2/24 HPs)
             Began as an Octopode Brigand on Sept 7, 2020.
             Slain by a kobold (4 damage)
             ... on level 2 of the Dungeon.
             The game lasted 00:01:31 (703 turns).

MrRokkomies the Sneak (Octopode Brigand)             Turns: 703, Time: 00:01:32

Health: -2/24      AC:  1    Str: 10    XL:     3   Next: 18%
Magic:  3/3        EV: 13    Int: 14    God:
Gold:   55         SH:  0    Dex: 13    Spells: 2/2 levels left

rFire    . . .     SeeInvis .   a - +2 dagger
rCold    . . .     Faith    .   (no shield)
rNeg     . . .     Spirit   .   (helmet restricted)
rPois    .         Reflect  .   (no amulet)
rElec    .         Harm     .   (no ring)
rCorr    .                      (no ring)
MR       .....                  (no ring)
Stlth    ++++......             (no ring)
HPRegen  0.08/turn              (no ring)
MPRegen  0.08/turn              (no ring)
                                (no ring)
                                (no ring)

@: no status effects
A: almost no armour, stealthy swim, amphibious, 8 rings, constrict 8, camouflage
1, gelatinous body 1
a: no special abilities


You were on level 2 of the Dungeon.
You visited 1 branch of the dungeon, and saw 2 of its levels.

You collected 55 gold pieces.

Inventory:

Hand Weapons
 a - a +2 dagger (weapon)
Missiles
 b - 12 poisoned darts (quivered)
 c - 2 curare-tipped darts
Scrolls
 d - 2 scrolls of fog {unknown}
 g - 2 scrolls of identify {unknown}
 i - a scroll of remove curse {unknown}
 k - a scroll of enchant armour {unknown}
Potions
 e - a potion of degeneration {unknown}
 f - 2 potions of lignification {unknown}
 h - a potion of haste {unknown}
 j - a potion of brilliance {unknown}


   Skills:
 + Level 2.2 Fighting
 * Level 2.5 Short Blades
 + Level 2.2 Throwing
 * Level 1.9 Dodging
 - Level 5.3 Stealth


You had 2 spell levels left.
You didn't know any spells.
Your spell library was empty.

Dungeon Overview and Level Annotations

Branches:
Dungeon (2/15)

Altars:
Kikubaaqudgha
Ru


Innate Abilities, Weirdness & Mutations

You cannot wear most types of armour.
You are very stealthy in the water. (Stealth+)
You are amphibious.
You can wear up to eight rings at the same time.
You can use your tentacles to constrict eight enemies at once.
Your skin changes colour to match your surroundings (Stealth+).
Your rubbery body absorbs attacks. (AC +1, EV +1)


Message History

You constrict the quokka. The quokka bites you.
You hit the quokka but do no damage.
The quokka is severely wounded.
You constrict the quokka, but do no damage.
The quokka bites you but does no damage.
You hit the quokka.
The quokka is almost dead.
You constrict the quokka.
You kill the quokka!
The kobold closely misses you. The kobold misses you.
You see here a stone.
You closely miss the kobold. You grab the kobold.
You constrict the kobold, but do no damage.
The kobold hits you with a +0 whip. The kobold barely misses you.
You barely miss the kobold.
You constrict the kobold, but do no damage.
The kobold hits you with a +0 whip.
* * * LOW HITPOINT WARNING * * *
The kobold hits you.
You die...

....... ....... .......
....... ....$.. ......l##
......KK# #@# #######+##
#.######.........
#..............._
#######..........
.................
#####################........)
.......<.........>)...........
.########..###########.######
#.####)###..#.......# #.#


You could see a leopard gecko and 2 kobolds.

Vanquished Creatures
  An adder (D:2)
  A worm (D:2)
  A leopard gecko (D:2)
  5 hobgoblins
  A quokka (D:2)
  A bat (D:2)
  A frilled lizard (D:2)
  2 goblins
  2 kobolds (D:1)
  2 rats (D:1)
17 creatures vanquished.

Notes
Turn   | Place    | Note
-------+----------+-------------------------------------------
     0 | D:1      | MrRokkomies the Octopode Brigand began the quest for the
                  | Orb.
     0 | D:1      | Reached XP level 1. HP: 14/14 MP: 1/1
   287 | D:1      | Reached XP level 2. HP: 18/19 MP: 2/2
   615 | D:2      | Found a sacrificial altar of Ru.
   666 | D:2      | Found an ancient bone altar of Kikubaaqudgha.
   689 | D:2      | Reached XP level 3. HP: 20/24 MP: 3/3
   703 | D:2      | Slain by a kobold

Illustrated notes

Levels and vault maps discovered:
D:1:      dpeg_arrival_round_b, layout_basic
D:2:      layout_basic, overflow_temple_1_default, hangedman_ru_absence

Action                   || total
-------------------------++-------
Melee: Dagger            ||    38
       Constrict         ||    11
       Tentacles         ||     4
Throw: Dart              ||     3
 Stab: Sleeping          ||     5
Armor: Skin              ||     1
Dodge: Dodged            ||    18

Table legend: (Time is in decaauts)
 A = Elapsed time spent in this place.
 B = Non-inter-level travel time spent in this place.
 C = Inter-level travel time spent in this place.
 D = Time resting spent in this place.
 E = Time spent auto-exploring this place.
 F = Levels seen in this place.
 G = Mean time per level.
                   A        B        C        D        E       F      G
               +--------+--------+--------+--------+--------+-----+--------+
         Total |    697 |    686 |     11 |      0 |    577 |   2 |  348.5 |
       Dungeon |    697 |    686 |     11 |      0 |    577 |   2 |  348.5 |
               +--------+--------+--------+--------+--------+-----+--------+

Top non-repeatable levels by time:
     D:1: 594 daAuts
     D:2: 103 daAuts
